 Dungeon Crawl Stone Soup version 0.30-a0-777-ga9a30cbeda (webtiles) character file.

Game seed: 8867248536383238874

2107 Dirtsage the Cleaver (level 9, 0/62 (64) HPs)
             Began as a Demonspawn Fighter on Feb 14, 2023.
             Slain by a wight
             ... wielding a +8 halberd
              (3 damage)
             ... on level 7 of the Dungeon.
             The game lasted 00:07:13 (3942 turns).

Dirtsage the Cleaver (Demonspawn Fighter)           Turns: 3942, Time: 00:07:14

HP:   0/62 (64)     AC: 16    Str: 20    XL:     9   Next: 7%
MP:   18/18         EV:  7    Int: 10    God:
Gold: 251           SH:  4    Dex: 13    Spells: 8/8 levels left

rFire   . . .      SeeInvis .    a - +0 war axe
rCold   + . .      Faith    .    c - +0 buckler
rNeg    . . .      Spirit   .    t - +3 chain mail
rPois   .          Reflect  .    o - +0 helmet
rElec   .          Harm     .    w - +0 cloak
rCorr   .          Rampage  +    (no gloves)
Will    .....                    n - +0 pair of boots "Eserchan" {Rampage rC+ Stlth+} Stlth
                                 e - amulet of regeneration
HPRegen 1.10/turn                v - ring of magical power
MPRegen 0.32/turn                (no ring)

@: lightly drained
A: hooves 2, rugged brown scales 1, magic regeneration
a: no special abilities


You were on level 7 of the Dungeon.
You visited 2 branches of the dungeon, and saw 8 of its levels.

You collected 251 gold pieces.

Inventory:

Hand Weapons
 a - a +0 war axe (weapon)
Missiles
 C - a throwing net (quivered)
Armour
 b - a +0 scale mail
 c - a +0 buckler (worn)
 n - the +0 pair of boots "Eserchan" (worn) {Rampage rC+ Stlth+}
   (You found it on level 2 of the Dungeon)

   rC:        It protects you from cold.
   Rampage:   It bestows one free step when moving towards enemies.
   Stlth:     It makes you more stealthy.
 o - a +0 helmet (worn)
 t - a +3 chain mail (worn)
 w - a +0 cloak (worn)
Jewellery
 e - an amulet of regeneration (around neck)
 h - an amulet of guardian spirit
 v - a ring of magical power (left hand)
Wands
 p - a wand of polymorph (5)
 A - a wand of iceblast (6)
Scrolls
 g - 4 scrolls of magic mapping
 i - 2 scrolls of enchant armour {unknown}
 j - 7 scrolls of identify {unknown}
 k - 2 scrolls of vulnerability {unknown}
 q - 3 scrolls of immolation {unknown}
 r - 2 scrolls of amnesia {unknown}
 y - 2 scrolls of poison {unknown}
 D - a scroll of noise {unknown}
 E - a scroll of teleportation {unknown}
Potions
 d - 5 potions of might
 f - 2 potions of berserk rage {unknown}
 l - 2 potions of magic {unknown}
 m - 4 potions of curing {unknown}
 s - a potion of invisibility {unknown}
 u - a potion of haste {unknown}
 x - a potion of heal wounds {unknown}
 z - 2 potions of lignification {unknown}
 B - a potion of degeneration {unknown}


   Skills:
 - Level 3.0 Fighting
 + Level 11.1 Axes
 - Level 2.6 Armour
 - Level 2.6 Shields


You had 8 spell levels left.
You didn't know any spells.
Your spell library contained the following spells:

 Spells                   Type           Power      Damage    Failure   Level
 Ignite Poison            Fire/Tmut/Pois 0%         N/A       100%        3
 Stone Arrow              Conj/Erth      0%         3d7       100%        3
 Animate Armour           Summ/Erth      0%         N/A       100%        4
 Sticky Flame             Conj/Fire      0%         2d3       100%        4
 Ignition                 Fire           0%         3d3       100%        8
 Lehudib's Crystal Spear  Conj/Erth      0%         10d2      100%        8


Dungeon Overview and Level Annotations

Branches:
Dungeon (7/15)             Temple (1/1) D:6

Altars:
Ashenzari
Dithmenos
Gozag
Hepliaklqana
Kikubaaqudgha
Makhleb
Nemelex Xobeh
Okawaru
Sif Muna
Trog
Uskayaw
Wu Jian
Yredelemnul

Shops:
D:6 (


Innate Abilities, Weirdness & Mutations

You have hoof-like feet.
You are partially covered in rugged brown scales. (AC +1, +3% HP)
You regenerate magic rapidly.


Message History

The wyvern bites you but does no damage.
You regained 2 hp, and now have 59/64 hp.
You hit the wight.
The wight is heavily damaged.
You hit the wyvern but do no damage. You hit the wight but do no damage.
You block the wight's attack. The wight hits you but does no damage.
The wight barely misses you. The wyvern barely misses you.
The wight hits you but does no damage. The wight closely misses you.
The wight hits you with a +2 battleaxe.
You feel drained.
You take 1 damage, and have 58/62 hp.
You hit the wight.
The wight is almost destroyed.
You hit the wight. You hit the wyvern. The wyvern bites you!
You block the wyvern's attack. The wight hits you but does no damage.
The wight completely misses you. The wight hits you but does no damage.
You take 9 damage, and have 49/62 hp.
You hit the wight.
You destroy the wight!
You hit the wight. You barely miss the wyvern.
The wyvern bites you but does no damage.
The wight hits you with a +0 long sword.
The wyvern bites you.
The wight hits you from afar with a +8 halberd!
Your life force feels restored.
You take 25 damage, and have 24/64 hp.
MASSIVE DAMAGE!!
You barely miss the wight.
The wight is lightly damaged.
You barely miss the wyvern. The wyvern bites you!
* * * LOW HITPOINT WARNING * * *
You block the wight's attack. The wight barely misses you.
You take 8 damage, and have 16/64 hp.
You hit the wight but do no damage.
The wight is lightly damaged.
You hit the wyvern. You hit the ice beast. The wyvern bites you.
* * * LOW HITPOINT WARNING * * *
The wyvern barely misses you. The wight completely misses you.
The wight hits you from afar with a +8 halberd!
* * * LOW HITPOINT WARNING * * *
You feel drained.
You die...

.. ###...... #.
#........ # #.#
##†...#
..#.#..##...#
#........<..#
##......##.##
#...##...#.##.#.
..# ###.Y......
. #@z.###..
#l)#.# #).z.z.
.......#
###.......
#........
..#......
........


You could see a wyvern, an ice beast and 3 wights.

Vanquished Creatures
  Sigmund (D:3)
  An ice beast (D:6)
  A sky beast (D:6)
  2 black bears (D:5)
  A phantom (D:4)
  Blork the orc (D:5)
  2 necrophages
  2 gnoll sergeants
  4 scorpions
  A wight (D:7)
  A howler monkey (D:4)
  7 hounds
  2 orc priests (D:6)
  A gnoll bouda (D:5)
  A jelly (D:5)
  Terence (D:2)
  4 orc wizards
  3 iguanas
  Robin (D:2)
  11 gnolls
  9 adders
  2 ufetubi
  6 worms
  2 dart slugs
  17 orcs
  7 bats
  4 endoplasms
  2 giant cockroaches (D:1)
  9 hobgoblins
  7 jackals
  5 kobolds
  2 quokkas
  3 ball pythons
  7 frilled lizards
  12 goblins
  4 rats (D:1)
146 creatures vanquished.

Vanquished Creatures (others)
  A plant (D:1)
1 creature vanquished.

Grand Total: 147 creatures vanquished

Notes
Turn   | Place    | Note
-------+----------+-------------------------------------------
     0 | D:1      | Dirtsage the Demonspawn Fighter began the quest for the
                  | Orb.
     0 | D:1      | Reached XP level 1. HP: 18/18 MP: 1/1
    37 | D:1      | Reached skill level 2 in Axes
    81 | D:1      | Gained mutation: You regenerate magic rapidly. [demonic
                  | ancestry]
    81 | D:1      | Reached XP level 2. HP: 24/24 MP: 2/2
   211 | D:1      | Reached skill level 3 in Axes
   395 | D:1      | Gained mutation: You are partially covered in rugged brown
                  | scales. (AC +1, +3% HP) [demonic ancestry]
   395 | D:1      | Reached XP level 3. HP: 24/29 MP: 3/3
   711 | D:2      | Identified the +0 pair of boots "Eserchan" {Rampage rC+
                  | Stlth+}
   748 | D:2      | Noticed Robin
   765 | D:2      | Killed Robin
   959 | D:2      | Noticed Terence
   982 | D:2      | Killed Terence
   983 | D:2      | Reached skill level 4 in Axes
   983 | D:2      | Reached XP level 4. HP: 20/36 MP: 4/4
  1344 | D:3      | Found an opulent altar of Gozag.
  1472 | D:3      | Gained mutation: You have large cloven feet. [demonic
                  | ancestry]
  1472 | D:3      | Reached XP level 5. HP: 40/42 MP: 5/5
  1481 | D:3      | Noticed Sigmund
  1492 | D:3      | Reached skill level 5 in Axes
  1498 | D:3      | Killed Sigmund
  1499 | D:3      | Reached skill level 6 in Axes
  1499 | D:3      | Reached XP level 6. HP: 47/48 MP: 6/6
  2012 | D:4      | Reached skill level 7 in Axes
  2098 | D:4      | Reached XP level 7. HP: 45/53 MP: 7/7
  2367 | D:5      | Entered Level 5 of the Dungeon
  2383 | D:5      | Reached skill level 8 in Axes
  2555 | D:5      | Gained mutation: You have hoof-like feet. [demonic
                  | ancestry]
  2555 | D:5      | Reached XP level 8. HP: 59/59 MP: 8/8
  2631 | D:5      | Noticed Blork the orc
  2642 | D:5      | Killed Blork the orc
  2643 | D:5      | Reached skill level 9 in Axes
  2657 | D:5      | Found a burning altar of Makhleb.
  2752 | D:5      | Found a broken altar of Ashenzari.
  3123 | D:6      | Reached skill level 10 in Axes
  3143 | D:6      | Found Neuheploota's Weapon Shoppe.
  3191 | D:6      | Found a staircase to the Ecumenical Temple.
  3202 | Temple   | Entered the Ecumenical Temple
  3636 | D:6      | Reached XP level 9. HP: 64/64 MP: 9/9
  3724 | D:6      | Reached skill level 11 in Axes
  3942 | D:7      | HP: 3/64 [wight/+8 halberd (13)]
  3942 | D:7      | Slain by a wight

Illustrated notes

Levels and vault maps discovered:
D:1:      saegor_arrival_simple_d, layout_basic, serial_bayou_lagoon_a,
          minmay_lizard_pond
D:2:      layout_basic, uniq_robin, uniq_terence
D:3:      layout_rooms, lemuel_tele_altar, nicolae_half_adder, uniq_sigmund
D:4:      layout_basic, serial_bayou_ford_a, minmay_misc_feat_room
D:5:      cheibrodos_helix_gallery, layout_rooms, nicolae_ashenzari_skybound,
          mainiacjoe_overflow_tiny_flanked, pf_just_have_faith,
          kennysheep_small_spiral, uniq_blork_the_orc
D:6:      layout_basic, minmay_temple_entry_proselytizer, serial_shops,
          nicolae_shop_bloodbath_and_beyond
D:7:      layout_rooms, kennysheep_generic_room_14
Temple:   grunt_temple_mini_profane

Skill      XL: |  1  2  3  4  5  6  7  8  9 |
---------------+----------------------------+-----
Axes           | 2 3 4 6 7 8 10 11 | 11.1
Fighting       | |  3.0
Armour         | |  2.6
Shields        | |  2.6

Action                     |  1- 3 |  4- 6 |  7- 9 || total
---------------------------+-------+-------+-------++-------
  Melee: War axe           |   102 |   148 |   252 ||   502
         Unarmed           |    13 |       |       ||    13
    Use: Scroll            |       |     1 |       ||     1
 Armour: Scale mail        |    66 |       |       ||    66
         Skin              |     5 |       |       ||     5
         Chain mail        |       |   104 |   211 ||   315
  Dodge: Dodged            |    54 |    40 |    90 ||   184
  Block: Buckler           |    24 |    37 |    59 ||   120

Table legend: (Time is in decaauts)
 A = Elapsed time spent in this place.
 B = Non-inter-level travel time spent in this place.
 C = Inter-level travel time spent in this place.
 D = Time resting spent in this place.
 E = Time spent auto-exploring this place.
 F = Levels seen in this place.
 G = Mean time per level.
                   A        B        C        D        E       F      G
               +--------+--------+--------+--------+--------+-----+--------+
         Total |   4051 |   3882 |    169 |      0 |   2941 |   8 |  506.4 |
       Dungeon |   3840 |   3708 |    132 |      0 |   2768 |   7 |  548.6 |
        Temple |    211 |    174 |     37 |      0 |    173 |   1 |  211.0 |
               +--------+--------+--------+--------+--------+-----+--------+

Top non-repeatable levels by time:
     D:5: 707 daAuts
     D:1: 688 daAuts
     D:4: 680 daAuts
     D:2: 648 daAuts
     D:6: 639 daAuts
     D:3: 447 daAuts
  Temple: 211 daAuts
     D:7: 28 daAuts
